 Dungeon Crawl Stone Soup version 0.22-a0-877-g5c4e1af (webtiles) character file.

452 JeffiDaFish the Magician (level 6, -5/32 HPs)
             Began as a Deep Elf Fire Elementalist on July 29, 2018.
             Slain by a wight
             ... wielding a cursed +0 halberd
              (12 damage)
             ... on level 3 of the Dungeon.
             The game lasted 00:09:20 (3448 turns).

JeffiDaFish the Magician (DEFE)                     Turns: 3448, Time: 00:09:21

Health: -5/32      AC:  3    Str:  5      XL:     6   Next: 75%
Magic:  0/16       EV: 13    Int: 22      God:
Gold:   140        SH:  0    Dex: 12 (15) Spells: 5/16 levels left

rFire    . . .     SeeInvis .   h - +1 short sword (venom)
rCold    . . .     Gourm    .   (no shield)
rNeg     . . .     Faith    .   a - +0 robe
rPois    .         Spirit   .   i - +0 helmet
rElec    .         Reflect  .   (no cloak)
rCorr    .         Harm     .   (no gloves)
MR       .....                  (no boots)
Stlth    ++........             (no amulet)
HPRegen  0.10/turn              b - ring of flight
MPRegen  0.15/turn              (no ring)

@: drained
A: no striking features
a: Evoke Flight


You were on level 3 of the Dungeon.
You were not hungry.

You visited 1 branch of the dungeon, and saw 3 of its levels.

You collected 140 gold pieces.

Inventory:

Hand Weapons
 h - a +1 short sword of venom (weapon)
Armour
 a - a +0 robe (worn)
 i - a +0 helmet (worn)
Jewellery
 b - a ring of flight (left hand)
 f - an uncursed ring of ice
Scrolls
 g - a scroll of identify
 j - 2 scrolls of remove curse
 l - a scroll of fear
Potions
 d - 2 potions of curing
 e - a potion of agility
Comestibles
 c - 3 rations


   Skills:
 + Level 3.8(3.4) Dodging
 - Level 3.1(2.8) Stealth
 * Level 5.7(5.3) Spellcasting
 * Level 3.1(2.8) Conjurations
 + Level 1.7(1.4) Hexes
 * Level 5.4(5.1) Fire Magic


You had 5 spell levels left.
You knew the following spells:

 Your Spells              Type           Power        Failure   Level  Hunger
a - Flame Tongue          Conj/Fire      ###..        1%          1    None
b - Conjure Flame         Conj/Fire      ###.....     5%          3    ##.....
c - Sticky Flame          Conj/Fire      ###.....     19%         4    ####...
d - Confuse               Hex            ##......     16%         3    ##.....

Your spell library contained the following spells:

 Spells                   Type           Power        Failure   Level  Hunger
 Fireball                 Conj/Fire      ###.......   45%         5    #####..
 Throw Flame              Conj/Fire      ###...       2%          2    None
 Confusing Touch          Hex            ##....       5%          1    None
 Metabolic Englaciation   Hex/Ice        #.........   90%         5    #####..
 Petrify                  Tmut/Erth      #.......     67%         4    ####...
 Inner Flame              Hex/Fire       ###.....     8%          3    ##.....
 Gell's Gravitas          Tloc           #.........   28%         3    ##.....
 Yara's Violent Unravell  Hex/Tmut       #.........   90%         5    #####..


Dungeon Overview and Level Annotations

Branches:
Dungeon (3/15)

Altars:
Hepliaklqana


Message History

Press: ? - help, Shift-Dir - straight line, f/p - wight
Aim: a wight, wielding a halberd and wearing a robe (lightly damaged)
The flame tongue hits the wight.
The wight appears unharmed.
The wight is lightly damaged.
The wight misses you.
Casting: Flame Tongue (safe; 1% risk of failure)
Confirm with . or Enter, or press ? or * to list all spells.
Aiming: Flame Tongue (safe; 1% risk of failure)
Press: ? - help, Shift-Dir - straight line, f/p - wight
Aim: a wight, wielding a halberd and wearing a robe (lightly damaged)
The flame tongue misses the wight.
The wight barely misses you.
Casting: Flame Tongue (safe; 1% risk of failure)
Confirm with . or Enter, or press ? or * to list all spells.
Aiming: Flame Tongue (safe; 1% risk of failure)
Press: ? - help, Shift-Dir - straight line, f/p - wight
Aim: a wight, wielding a halberd and wearing a robe (lightly damaged)
The flame tongue hits the wight.
The wight appears unharmed.
The wight is lightly damaged.
The wight hits you from afar with a halberd!
You die...

......# #............###### ..#
......######...........##...#...#
......##.# ###.........##...#...#
......##.###...###.######...#....
...........>.z...).....)........#
#####........#####.######........
#..#.#..######.# #.z.)....
#..............######.......#
##...##...z.@................
#######.##########........<#
############.##### #....##.)..
........##.......# #....# ..l#
........##.......# ###### ...#
........#........# ...#
........#........#
.................#
######...........#


You could see a wight.

Vanquished Creatures
  Grinder (D:3)
  A centaur (D:2)
  An orc wizard (D:3)
  Terence (D:2)
  A gnoll (D:1)
  3 adders
  An ooze (D:1)
  3 worms (D:2)
  A dart slug (D:2)
  4 orcs (D:3)
  3 giant cockroaches
  5 goblins
  5 hobgoblins
  4 jackals (D:3)
  A ball python (D:2)
  8 bats
  5 frilled lizards
  5 kobolds
  A leopard gecko skeleton (D:2)
  11 rats
65 creatures vanquished.

Notes
Turn   | Place    | Note
-------+----------+-------------------------------------------
     0 | D:1      | JeffiDaFish the Deep Elf Fire Elementalist began the quest for the Orb.
     0 | D:1      | Reached XP level 1. HP: 10/10 MP: 6/6
   205 | D:1      | Reached XP level 2. HP: 15/15 MP: 6/8
   603 | D:1      | Reached XP level 3. HP: 19/19 MP: 10/10
  1143 | D:2      | Learned a level 3 spell: Conjure Flame
  1429 | D:2      | Noticed Terence
  1435 | D:2      | Noticed a centaur
  1559 | D:2      | Killed Terence
  1559 | D:2      | Reached XP level 4. HP: 8/24 MP: 3/12
  1811 | D:2      | Killed a centaur
  1811 | D:2      | Reached XP level 5. HP: 4/28 MP: 4/14
  2157 | D:2      | Learned a level 4 spell: Sticky Flame
  2372 | D:2      | Learned a level 3 spell: Confuse
  2550 | D:2      | Found a hazy altar of Hepliaklqana.
  3134 | D:3      | Noticed Grinder
  3149 | D:3      | Killed Grinder
  3149 | D:3      | Reached skill level 5 in Spellcasting
  3149 | D:3      | Reached skill level 1 in Hexes
  3149 | D:3      | Reached skill level 5 in Fire Magic
  3149 | D:3      | Reached XP level 6. HP: 8/32 MP: 4/16
  3448 | D:3      | Slain by a wight

Vault maps used:
D:1:      dpeg_arrival_radiant, hangedman_decor_peaks_small
D:2:      kennysheep_six_static_rooms, lemuel_crystal_altar, serial_forest,
          infiniplex_forest_lined_1, infiniplex_forest_lined_room_2,
          infiniplex_forest_lined_2, infiniplex_forest_clump_small,
          infiniplex_forest_corner_2, infiniplex_forest_clump_long,
          uniq_terence, uniq_crazy_yiuf_cottage
D:3:      uniq_grinder, uniq_sigmund

Skill      XL: |  1  2  3  4  5 |
---------------+----------------+-----
Stealth        | 3 |  3.1
Fire Magic     | 4 5 |  5.4
Spellcasting   | 4 5 |  5.7
Dodging        | 3 |  3.8
Conjurations   | 2 3 |  3.1
Hexes          | 1 |  1.7

Action                   |  1- 3 |  4- 6 || total
-------------------------+-------+-------++-------
Melee: Unarmed           |     1 |       ||     1
       Dagger            |    14 |       ||    14
       Short sword       |    11 |    30 ||    41
 Cast: Flame Tongue      |    54 |    58 ||   112
       Conjure Flame     |     1 |       ||     1
       Sticky Flame      |       |     3 ||     3
       Confuse           |       |     1 ||     1
  Use: Potion            |     4 |     2 ||     6
       Scroll            |     2 |     3 ||     5
 Stab: Sleeping          |     6 |     1 ||     7
  Eat: Chunk             |     1 |     7 ||     8
Armor: Robe              |     7 |     8 ||    15
       Skin              |       |     4 ||     4
Dodge: Dodged            |    30 |    41 ||    71

Table legend:
 A = Spawn XP
 B = Non-spawn XP
 C = Spawn XP percentage of total XP
 D = Spawn monster count
 E = Non-spawn monster count
 F = Spawn count percentage of total count
 G = Total turns spent on level
                    A         B        C        D         E        F      G
               +---------+---------+-------+---------+---------+-------+---------
         Total |       0 |     647 |   0.0 |       0 |      65 |   0.0 |  3448
               +---------+---------+-------+---------+---------+-------+---------
           D:1 |       0 |      59 |   0.0 |       0 |      29 |   0.0 |  1120
           D:2 |       0 |     212 |   0.0 |       0 |      20 |   0.0 |  1857
           D:3 |       0 |     376 |   0.0 |       0 |      16 |   0.0 |   471
               +---------+---------+-------+---------+---------+-------+---------
